 Dungeon Crawl Stone Soup version 0.30.0-2-g1aa4bd4387 (webtiles) character file.

Game seed: 9735239425937110150

2020 Leibowitz the Cleaver (level 9, 0/118 HPs)
             Began as a Minotaur Berserker on May 7, 2023.
             Was an Elder of Trog.
             Slain by a sixfirhy (9 damage)
             ... on level 7 of the Dungeon.
             The game lasted 00:16:59 (6017 turns).

Leibowitz the Cleaver (Minotaur Berserker)          Turns: 6017, Time: 00:16:59

Health: 0/118      AC: 13    Str: 31    XL:     9   Next: 3%
Magic:  8/8        EV: 10    Int:  4    God:    Trog [****..]
Gold:   377        SH:  0    Dex: 11    Spells: 8/8 levels left

rFire   + . .        a - +0 battleaxe
rCold   . . .        (shield currently unavailable)
rNeg    . . .        z - +0 chain mail
rPois   .            (helmet restricted)
rElec   .            D - +1 cloak
rCorr   .            (no gloves)
SInv    .            (no boots)
Will    .....        n - amulet of faith Stlth
                     c - +6 ring of strength
HPRegen 0.39/turn    g - ring of protection from fire
MPRegen 0.11/turn

%: faith
@: berserking, very quick
A: horns 2, retaliatory headbutt
a: Renounce Religion, Berserk, Trog's Hand, Brothers in Arms


You were on level 7 of the Dungeon.
You worshipped Trog.
Trog was greatly pleased with you.
You visited 2 branches of the dungeon, and saw 8 of its levels.

You collected 377 gold pieces.

Inventory:

Hand Weapons
 a - a +0 battleaxe (weapon)
 H - a +0 broad axe
Armour
 z - a +0 chain mail (worn)
 D - a +1 cloak (worn)
Jewellery
 b - a ring of see invisible
 c - a +6 ring of strength (left hand)
 g - a ring of protection from fire (right hand)
 n - an amulet of faith (around neck)
Wands
 h - a wand of polymorph (15)
 y - a wand of flame (68)
 B - a wand of paralysis (6)
Scrolls
 j - 2 scrolls of noise {unknown}
 m - a scroll of blinking {unknown}
 o - 9 scrolls of identify {unknown}
 p - a scroll of enchant weapon {unknown}
 q - a scroll of teleportation {unknown}
 r - a scroll of summoning {unknown}
 s - a scroll of vulnerability {unknown}
 t - a scroll of amnesia {unknown}
 v - a scroll of immolation {unknown}
 w - a scroll of magic mapping {unknown}
 G - a scroll of enchant armour {unknown}
Potions
 d - a potion of degeneration {unknown}
 e - a potion of ambrosia {unknown}
 f - a potion of mutation {unknown}
 i - 4 potions of curing {unknown}
 k - a potion of experience {unknown}
 l - 4 potions of attraction {unknown}
 u - 4 potions of brilliance {unknown}
 x - 2 potions of magic {unknown}
 A - 2 potions of flight {unknown}
 C - a potion of haste
 E - 4 potions of heal wounds


   Skills:
 * Level 7.5 Fighting
 * Level 9.7 Axes
 * Level 8.6 Armour
 + Level 3.2 Dodging


You had 8 spell levels left.
You didn't know any spells.
Your spell library was empty.

Dungeon Overview and Level Annotations

Branches:
Dungeon (7/15)             Temple (1/1) D:7

Altars:
Cheibriados
Makhleb
Nemelex Xobeh
Sif Muna
Trog
Wu Jian
Zin
The Shining One


Innate Abilities, Weirdness & Mutations

You have a pair of horns on your head.
You reflexively headbutt those who attack you in melee.


Message History

The black bear bites you. The black bear closely misses you.
The black bear claws you but does no damage.
You slash the black bear!
You kill the black bear!
Trog accepts your kill.
You have reached level 9!
Your experience leads to an increase in your attributes!
Your base attributes are Str 23, Int 4, Dex 11.
Increase (S)trength, (I)ntelligence, or (D)exterity?
You feel stronger. x2
HP restored.
h - a wand of polymorph (15) (gained 9 charges) As you open the door, it creaks loudly!
The sixfirhy hits you but does no damage.
The sixfirhy hits you! The sixfirhy shocks you! The sixfirhy barely misses you.
You furiously retaliate!
You headbutt the sixfirhy! You closely miss the sixfirhy.
Your headbutt misses the sixfirhy.
The sixfirhy is moderately wounded.
The sixfirhy hits you. The sixfirhy shocks you!
The sixfirhy hits you but does no damage. x2
The sixfirhy hits you. The sixfirhy shocks you!
A red film seems to cover your vision as you go berserk!
You feel yourself moving faster!
You feel mighty!
You miss the sixfirhy.
The sixfirhy is moderately wounded.
You miss the sixfirhy.
The sixfirhy is moderately wounded.
The sixfirhy hits you but does no damage. x2
You miss the sixfirhy. Your headbutt misses the sixfirhy.
The sixfirhy is moderately wounded.
The sixfirhy hits you! The sixfirhy shocks you!
* * * LOW HITPOINT WARNING * * *
The sixfirhy hits you!
* * * LOW HITPOINT WARNING * * *
The sixfirhy shocks you!
* * * LOW HITPOINT WARNING * * *
The sixfirhy hits you.
* * * LOW HITPOINT WARNING * * *
The sixfirhy shocks you!
You die...

#.# #...........####
#..)..).. #.#
#.....>.....# #...>##.#
#.# #.......)...######
#....##.# #.#
#<.##...##.......#
#[...##.# #.#
##.##...##.......#
#.......# #.#
#.........#.....#
#...##### #.#
###.###.........# ##### #
#.# #.##..........# # #.#
#..#.###@...#.# # #.#
#....#)3..#.#.# # #.#
#.##.###..#.#.# # #.#
#.##......#.#.# # #.#
#.#######.#.#.######## #
#.# #.# #.#.#........####
##.# #.#
#(#.............. ...#
#.#######.##########.####
#### #.........# #.#


You could see a sixfirhy.

Vanquished Creatures
  2 water moccasins
  Duvessa (D:5)
  2 orc warriors
  An ice beast (D:7)
  2 black bears (D:7)
  2 ogres
  2 phantoms
  2 bullfrogs
  Dowan (D:5)
  2 howler monkeys (D:7)
  3 hounds
  Crazy Yiuf (D:5)
  3 orc priests
  A gnoll bouda (D:6)
  2 sleepcaps
  5 orc wizards
  7 gnolls
  5 adders
  2 shadow imps
  An ufetubus (D:4)
  2 worms
  2 dart slugs
  18 orcs
  5 endoplasms
  4 giant cockroaches
  7 goblins
  5 hobgoblins
  2 jackals (D:1)
  3 quokkas
  7 ball pythons
  7 bats
  8 frilled lizards
  7 kobolds
  4 rats (D:1)
128 creatures vanquished.

Vanquished Creatures (others)
  An orc wizard (D:5)
1 creature vanquished.

Grand Total: 129 creatures vanquished

Notes
Turn   | Place    | Note
-------+----------+-------------------------------------------
     0 | D:1      | Leibowitz the Minotaur Berserker began the quest for the
                  | Orb.
     0 | D:1      | Reached XP level 1. HP: 19/19 MP: 0/0
    70 | D:1      | Reached XP level 2. HP: 21/27 MP: 1/1
    74 | D:1      | Reached skill level 4 in Axes
   377 | D:1      | Reached XP level 3. HP: 34/34 MP: 2/2
   705 | D:2      | Reached ** piety under Trog
   932 | D:2      | Reached XP level 4. HP: 34/41 MP: 3/3
  1584 | D:3      | Reached skill level 5 in Axes
  1586 | D:3      | Identified the +0 ring mail of Quiet Fog {Harm rC- rN++
                  | Int+3}
  1621 | D:3      | Reached XP level 5. HP: 31/47 MP: 4/4
  1780 | D:3      | Found a sparkling altar of Nemelex Xobeh.
  1868 | D:3      | Found a faded altar of an unknown god.
  2038 | D:3      | Reached *** piety under Trog
  2368 | D:4      | Reached skill level 5 in Fighting
  2570 | D:4      | Noticed an orc warrior
  2571 | D:4      | Found a bloodstained altar of Trog.
  2581 | D:4      | Killed an orc warrior
  2582 | D:4      | Reached skill level 6 in Axes
  2582 | D:4      | Reached XP level 6. HP: 43/56 MP: 5/5
  2687 | D:4      | Found a shimmering blue altar of Sif Muna.
  2907 | D:5      | Entered Level 5 of the Dungeon
  3297 | D:5      | Found a runed translucent door.
  3298 | D:5      | Noticed Crazy Yiuf
  3305 | D:5      | Killed Crazy Yiuf
  3377 | D:5      | Noticed Duvessa
  3380 | D:5      | Noticed Dowan
  3403 | D:5      | Killed Duvessa
  3404 | D:5      | Reached skill level 5 in Armour
  3404 | D:5      | Reached XP level 7. HP: 36/61 MP: 6/6
  3407 | D:5      | Killed Dowan
  3408 | D:5      | Reached skill level 7 in Axes
  4176 | D:6      | Found a burning altar of Makhleb.
  4411 | D:6      | Reached XP level 8. HP: 71/71 MP: 7/7
  4766 | D:6      | Identified the +6 trident of the Lost Xalams {distort, rN+
                  | Str-2 Int+3 Dex+4}
  4944 | D:7      | Reached skill level 8 in Axes
  4947 | D:7      | Reached **** piety under Trog
  5054 | D:7      | Reached skill level 9 in Axes
  5187 | D:7      | Found a glowing silver altar of Zin.
  5860 | D:7      | Found a staircase to the Ecumenical Temple.
  5869 | Temple   | Entered the Ecumenical Temple
  5874 | D:7      | Found a runed translucent door.
  5874 | D:7      | Noticed a sixfirhy
  5937 | D:7      | Reached XP level 9. HP: 77/79 MP: 8/8
  6017 | D:7      | Slain by a sixfirhy

Illustrated notes

Levels and vault maps discovered:
D:1:      dpeg_arrival_tiny_c, layout_basic
D:2:      layout_basic
D:3:      layout_basic, nemelex_dance_club_becter,
          shapermc_ecumenical_altar_rom_forum
D:4:      layout_cave_pools, nzn_overflow_gifts_of_might_and_magic
D:5:      layout_cave_pods, uniq_crazy_yiuf_cottage, uniq_duvessa
D:6:      layout_loops_cross, marbit_many_paths
D:7:      cheibrodos_shockbox, layout_basic, zin_academy,
          minmay_temple_entry_stoned_glass
Temple:   dpeg_three_leaves_temple

Skill      XL: |  1  2  3  4  5  6  7  8 |
---------------+-------------------------+-----
Fighting       | 4 5 6 7 |  7.5
Axes           | 4 5 6 7 9 |  9.7
Armour         | 3 4 5 7 8 |  8.6
Dodging        | 3 |  3.2

Action                     |  1- 3 |  4- 6 |  7- 9 || total
---------------------------+-------+-------+-------++-------
  Melee: Hand axe          |    71 |    95 |    48 ||   214
         Headbutt          |    12 |     9 |    26 ||    47
         Punch             |     1 |     2 |     1 ||     4
         War axe           |       |       |    23 ||    23
         Battleaxe         |       |       |    36 ||    36
         Broad axe         |       |       |    28 ||    28
 Invoke: Berserk           |       |     2 |     3 ||     5
         Trog's Hand       |       |     1 |       ||     1
    Use: Potion            |       |     2 |       ||     2
   Stab: Distracted        |       |       |     1 ||     1
 Armour: Animal skin       |     7 |       |       ||     7
         Scale mail        |    15 |    32 |       ||    47
         Chain mail        |       |    27 |    67 ||    94
  Dodge: Dodged            |    44 |    71 |    62 ||   177
